AoeStats
← AiM | CanvaL

Arabia

509128583Analyzed
1v1 RM · 7d ago on Sep 25, 2026· 51m 51s· 2 players
Game mode
Random Map
Map size
Tiny (2 player)
Population
200
Speed
Normal
Resources
Standard
Victory
Conquest
Starting age
Dark Age
Ending age
Imperial Age
RankedLock teamsTeams togetherTeam positionsShared explorationLock speedFull tech treeHidden civsTurbo modeCheats
Victory
Defeat
🇨🇱 Hindustanis · Chile
1520
+19
🇺🇸 Danes · United States
1584
-19
AiM | CanvaL
6:50 Loom
9:10 Feudal Age
10:16 Double-Bit Axe
15:48 Fletching
16:27 Padded Archer Armor
24:06 Castle Age
23:05 Scale Barding Armor
23:10 Forging
22:43 Horse Collar
23:58 Gold Mining
25:23 Bloodlines
25:14 Husbandry
26:26 Chain Barding Armor
27:16 Town Watch
29:21 Iron Casting
30:58 Stone Mining
32:18 Wheelbarrow
32:50 Bodkin Arrow
35:26 Thumb Ring
35:39 Leather Archer Armor
36:20 Crossbowman
36:24 Light Cavalry
41:33 Ballistics
45:26 Imperial Age
47:23 Chemistry
46:39 Bracer
48:14 Grand Trunk Road
52:42 Conscription
joethebro229
6:49 Loom
8:58 Feudal Age
9:12 Man-at-Arms
10:01 Double-Bit Axe
15:12 Fletching
21:26 Castle Age
20:04 Scale Mail Armor
22:53 Squires
24:48 Wheelbarrow
25:15 Gambesons
26:12 Forging
26:01 Elite Skirmisher
35:02 Padded Archer Armor
34:57 Bodkin Arrow
41:58 Imperial Age
42:16 Ballistics
46:48 Bracer
47:08 Leather Archer Armor
Connection lost

Rejoining the realm…

Still unreachable

The connection could not be restored.

Session expired

The server has moved on; the page needs a fresh start.